Cogmind - Beta 14 @@@ ROGUE MODE // 2024.09.01 @ 03:59:31 Player: Fleshy Vegetable Bird Result: Destroyed by G-34 Mercenary with Small Laser Performance ------------- Evolutions (0) 0 Regions Visited (2) 400 Robots Destroyed (19) 95 Value Destroyed (353) 353 Prototype IDs (0) 0 Alien Tech Used (0) 0 Bonus (7) 7 TOTAL SCORE: 855 Bonus ------- Follower Combat Kills 7 Cogmind --------- Core Integrity 0/250 Matter 262/300 Energy 240/250 System Corruption 0% Temperature Cool (91) Movement Rolling (95) Ox1 Location -10/Mines Parts ------- > --- POWER (1) -------- Ion Engine > --- PROPULSION (2) --- Wheel > --- UTILITY (2) ------ Medium Storage Unit Hacking Suite > --- WEAPON (2) ------- Mining Laser Mining Claw > --- INVENTORY (10) --- Huge Storage Unit Improved Terrain Scanner Improved Terrain Scanner Sensor Drone Bay Peak State ------------ > --- POWER ------------ Ion Engine > --- PROPULSION ------- Wheel Wheel > --- UTILITY ---------- Medium Storage Unit Hacking Suite > --- WEAPON ----------- Medium Laser Light Cannon > --- INVENTORY -------- Wheel Huge Storage Unit Improved Terrain Scanner Improved Terrain Scanner Sensor Drone Bay [Rating: 10] Favorites ----------- Power Ion Engine Engine Ion Engine Propulsion Wheel Wheel Wheel Utility Medium Storage Unit Storage Medium Storage Unit Hackware Hacking Suite Weapon Light Cannon Energy Gun Medium Laser Ballistic Gun Light Assault Rifle Ballistic Cannon Light Cannon Special Weapon Mining Laser Slashing Weapon Mining Claw Build | -11 -10 -10 ------- Run | Yrd Mat Min Slots Evolved . | . . . Power . | . . . Propulsion . | . . . Utility . | . . . Weapon . | . . . Parts Attached 23 | 9 6 8 Power 3 | 1 . 2 Engine 3 | 1 . 2 Core . | . . . Reactor . | . . . Propulsion 10 | 4 3 3 Treads . | . . . Leg . | . . . Wheel 10 | 4 3 3 Hover . | . . . Flight . | . . . Utility 3 | 1 1 1 Device . | . . . Storage 2 | 1 1 . Processor . | . . . Hackware 1 | . . 1 Protection . | . . . Artifact . | . . . Weapon 7 | 3 2 2 Energy Gun 3 | 2 1 . Energy Cannon . | . . . Ballistic Gun 1 | 1 . . Ballistic Cannon 1 | . 1 . Launcher . | . . . Special Weapon 1 | . . 1 Impact Weapon . | . . . Slashing Weapon 1 | . . 1 Piercing Weapon . | . . . Special Melee Weapon . | . . . Unidentified Prototypes . | . . . Parts Lost 9 | . 1 8 Power 2 | . . 2 Propulsion 5 | . 1 4 Utility . | . . . Weapon 2 | . . 2 Highest Loss Streak 4 | . 1 4 To Critical Strikes . | . . . Average Slot Usage (%) 92 | . 83 97 Engine 13 | . 14 13 Wheel 26 | . 26 27 Storage 14 | . 14 14 Hackware 8 | . . 13 Energy Gun 15 | . 18 13 Ballistic Cannon 12 | . 9 13 Peak Build Rating 10 | 6 8 10 Average Rating 8 | 5 6 9 On Entrance 4 | . 7 7 Naked Turns . | . . . Heaviest Build 20 | 13 20 20 Greatest Support 32 | 32 20 20 Greatest Overweight (x) 6 | . 6 1 Average Overweight (x) . | . . . Largest Inventory Capacity 10 | 8 10 10 Average Capacity 9 | 7 9 10 Most Carried 9 | 6 9 7 Average Carried 5 | 2 7 5 Final Capacity 10 | 8 10 10 Final Carried 7 | 7 7 4 Class Distribution -------------------- 56% | Scavenger-Mutant 43% | Mutant Dominant Class ---------------- Mutant | -10/Materials Scavenger-Mutant | -10/Mines Resources | -11 -10 -10 ----------- Run | Yrd Mat Min Matter Collected 551 | 290 117 144 Remotely . | . . . Salvage Created 541 | 166 270 105 Parts 33 | 16 14 3 Haulers Intercepted 1 | . 1 . Recyclers Shooed 1 | . 1 . Parts Field Recycled . | . . . Retrieved Matter . | . . . Parts Self-Destructed . | . . . Prevented . | . . . Kills | -11 -10 -10 ------- Run | Yrd Mat Min Combat Hostiles Destroyed 12 | . 8 4 Guns 5 | . 4 1 Cannons 7 | . 4 3 Classes Destroyed 6 | 2 4 . Tunneler 4 | 4 . . Hauler 1 | . 1 . Recycler 1 | 1 . . Operator 1 | . 1 . Swarmer 5 | . 3 2 Grunt 7 | . 5 2 Best Kill Streak 4 | 4 3 2 Combat Bots Only 3 | . 3 2 Max Kills in Single Turn 1 | 1 1 1 Gunslinging . | . . . Exploded . | . . . Melee . | . . . Uniques/NPCs Destroyed . | . . . Combat | -11 -10 -10 -------- Run | Yrd Mat Min Hostile Shots Fired 94 | . 47 47 Missed 27 | . 14 13 Damage Taken 945 | . 324 621 Core 253 | . 107 146 Absorbed by Shields . | . . . Core Remaining (%) 100 | 100 . . Volleys Fired 76 | 7 43 26 Largest 2 | 2 2 2 Hottest 100 | 90 90 100 Shots Fired 137 | 14 82 41 Gun 84 | 14 55 15 Cannon 51 | . 27 24 Launcher . | . . . Special 2 | . . 2 Kinetic 51 | . 27 24 Thermal 86 | 14 55 17 Explosive . | . . . Electromagnetic . | . . . Robot Hit Streak 7 | 2 7 7 Robot Miss Streak 4 | 2 4 3 Penetration Max . | . . . Secondary Targets . | . . . Shots Hit Robots 83 | 7 47 29 Core Hits 31 | 6 17 8 Critical Kills . | . . . Critical Parts Destroyed . | . . . Critical Strikes 6 | . 2 4 Burn 4 | . 1 3 Blast 2 | . 1 1 Melee Attacks 5 | . . 5 Impact . | . . . Slashing 5 | . . 5 Piercing . | . . . Sneak Attacks . | . . . Combat Hostiles . | . . . Follow-up Attacks . | . . . Damage Inflicted 1234 | 83 678 473 Guns 601 | 83 389 129 Cannons 565 | . 289 276 Explosions . | . . . Melee 44 | . . 44 Ramming . | . . . Kinetic 565 | . 289 276 Thermal 625 | 83 389 153 Explosive . | . . . Electromagnetic . | . . . Impact . | . . . Slashing 44 | . . 44 Piercing . | . . . Highest Corruption . | . . . Average Corruption . | . . . Corruption Purged . | . . . Corruption Blocked . | . . . Overload Shots . | . . . Overflow Damage . | . . . Projectiles . | . . . Explosions . | . . . Melee . | . . . Knockbacks 16 | . 10 6 Impact . | . . . Kinetic 11 | . 7 4 Secondary 5 | . 3 2 Self-Inflicted Damage . | . . . Shots . | . . . Rammed 1 | . 1 . Targets Rammed 1 | . 1 . Kicked . | . . . Crushed . | . . . Highest Temperature 382 | 150 382 248 Average Temperature 125 | 65 154 90 Received Heat Transfer 393 | . 138 255 Effects 4 | . 2 2 Shutdowns 1 | . 1 . Interference 3 | . 1 2 Siege Activations . | . . . Robots Corrupted . | . . . Combat Hostiles . | . . . Parts Fried . | . . . Impact Corruptions . | . . . Robots Melted . | . . . Combat Hostiles . | . . . Parts Melted 1 | 1 . . Heat Transferred 1872 | 223 1007 642 Parts Sabotaged . | . . . Parts Stolen . | . . . Parts Stripped . | . . . Power Chain Reactions . | . . . Alert | -11 -10 -10 ------- Run | Yrd Mat Min Peak Influence 297 | 25 297 74 Initial 37 | . 16 37 Average 72 | 9 151 38 Maximum Alert Level 1 | . 1 . Low Security (%) 87 | 100 62 100 Level 1 12 | . 37 . Level 2 . | . . . Level 3 . | . . . Level 4 . | . . . Level 5 . | . . . High Security . | . . . Max Security . | . . . Squads Dispatched 3 | . 3 . Investigation . | . . . Extermination . | . . . Reinforcement 3 | . 3 . Assault . | . . . Garrison . | . . . Intercept . | . . . Searches Triggered . | . . . Construction Impeded . | . . . Haulers Reinforced . | . . . Active Scanning Responses . | . . . Cargo Convoy Interrupts . | . . . Stealth | -11 -10 -10 --------- Run | Yrd Mat Min Distress Signals 2 | . 2 . Communications Jammed . | . . . Distress Signals . | . . . Times Spotted 26 | . 17 9 Peak Tracking Total 4 | . 4 3 Tactical Retreats 1 | . 1 . Traps | -11 -10 -10 ------- Run | Yrd Mat Min Traps Triggered 1 | . 1 . Indirectly . | . . . Trap Hack Attempts . | . . . Triggered . | . . . Disarmed . | . . . Reprogrammed . | . . . Reused . | . . . Traps Extracted . | . . . Installed . | . . . Triggered . | . . . Machines | -11 -10 -10 ---------- Run | Yrd Mat Min Machines Disabled . | . . . Max in Single Turn . | . . . Machines Repaired . | . . . Machines Dismantled . | . . . Machines Sabotaged . | . . . Overloaded Fab Kills . | . . . Hacking | -11 -10 -10 --------- Run | Yrd Mat Min Machines Accessed 4 | . 3 1 Terminals 3 | . 3 . Fabricators . | . . . Repair Stations . | . . . Recycling Units . | . . . Scanalyzers . | . . . Garrison Access . | . . . Total Hacks 14 | . 13 1 Successful 6 | . 5 1 Failed 8 | . 8 . Catastrophic . | . . . Database Lockouts . | . . . Manual 11 | . 11 . Terminals 13 | . 13 . Fabricators . | . . . Repair Stations . | . . . Recycling Units . | . . . Scanalyzers . | . . . Garrison Access . | . . . Terminal Hacks 4 | . 3 1 Robot Analysis 2 | . 2 . Open Door 1 | . . 1 Terminal Index 1 | . 1 . Fabricator Hacks . | . . . Repair Station Hacks . | . . . Recycling Unit Hacks . | . . . Scanalyzer . | . . . Garrison Access Hacks . | . . . Unauthorized Hacks 2 | . 2 . Terminals 2 | . 2 . Botnet 2 | . 2 . Fabricators . | . . . Repair Stations . | . . . Recycling Units . | . . . Scanalyzers . | . . . Garrison Access . | . . . Data Cores Recovered . | . . . Used . | . . . Hacking Detections 3 | . 3 . Full Trace Events 1 | . 1 . Feedback Events . | . . . Feedback Blocked . | . . . Robot Schematics Acquired . | . . . Robots Built . | . . . Authchips . | . . . Time . | . . . Total Robot Build Rating . | . . . Part Schematics Acquired . | . . . Parts Built . | . . . Authchips . | . . . Time . | . . . Total Part Build Rating . | . . . Parts Repaired . | . . . Time . | . . . Parts Recycled . | . . . Recycled Matter . | . . . Retrieved Matter . | . . . Retrieved Components . | . . . Parts Scanalyzed . | . . . Part Schematics Acquired . | . . . Parts Damaged . | . . . Bothacking | -11 -10 -10 ------------ Run | Yrd Mat Min Used RIF Installer . | . . . Robots Hacked . | . . . Non-combat . | . . . Combat . | . . . Robot Hacks Applied . | . . . Relay Couplers Released . | . . . Fabnet Peak Effective % . | . . . Robots Rewired . | . . . Allies Hacked . | . . . Hacks Repelled . | . . . Allies | -11 -10 -10 -------- Run | Yrd Mat Min Total Allies 3 | . . 3 Largest Group 2 | . . 2 Highest-Rated Group 43 | . . 43 Highest-Rated Ally 31 | . . 31 Total Orders . | . . . Ally Attacks 8 | . . 8 Total Damage 84 | . . 84 Kills 1 | . . 1 Allies Corrupted . | . . . Allies Melted . | . . . Intel | -11 -10 -10 ------- Run | Yrd Mat Min Robot Analysis Total 2 | . 2 . Derelict Logs Recovered 3 | . . 3 Drone Launches . | . . . Drone Recoveries . | . . . Exploration | -11 -10 -10 ------------- Run | Yrd Mat Min Turns Passed 1231 | 93 402 736 Spaces Moved 875 | 53 284 538 Core 18 | 9 9 . Treads . | . . . Legs . | . . . Wheels 857 | 44 275 538 Hover . | . . . Flight . | . . . Fastest Speed 50 | 50 80 80 Average Speed 83 | 87 90 80 Slowest Speed 350 | 100 350 95 Overloaded Moves . | . . . Propulsion Burnouts . | . . . Robots Hopped . | . . . Cave-ins Triggered . | . . . Exploration Rate (%) 45 | 3 53 81 Regions Visited 2 Branch Regions 1 Pre-discovered Areas 1 | . . 1 Known Exits Taken . | . . . Unknown Exits Taken 2 | 1 1 . Scrap Searched 1 | . . 1 Spaces Dug . | . . . Terrain Destroyed 1 | . . 1 Melee . | . . . Projectile 1 | . . 1 AOE . | . . . Terrain Rammed . | . . . Walls Destroyed . | . . . Machines Disabled . | . . . Actions | -11 -10 -10 --------- Run | Yrd Mat Min Total 1225 | 85 353 787 Wait 211 | . 6 205 Move 873 | 52 283 538 Hop . | . . . Pick Up 29 | 15 9 5 Fast Attach . | . . . Attach 19 | 6 5 8 Detach . | . . . Swap 4 | 3 1 . Drop 7 | 2 5 . Fire 76 | 7 43 26 Melee 5 | . . 5 Ram 1 | . 1 . Kick . | . . . Crush . | . . . Escape Stasis . | . . . Rewire . | . . . Trap . | . . . Miscellaneous . | . . . Route ------- -11/Scrapyard -10/Materials (discovered 2 exits: [*Mat] / *Min) -10/Mines (discovered 3 exits: [*Mat x2] / [*Exi]) History --------- Turn | Location | Event 5 | -11/Scrapyard | Discovered new exit (range 15) 94 | -11/Scrapyard | Entered Materials 251 | -10/Materials | Discovered new exit (range 16) 302 | -10/Materials | Build established: Mutant 455 | -10/Materials | Discovered new exit (range 13) 496 | -10/Materials | Entered Mines 524 | -10/Mines | Core integrity fell below 50% 531 | -10/Mines | Assembled infested the area 558 | -10/Mines | Learned location of 1 exit from Materials 814 | -10/Mines | Discovered new exit (range 13) 825 | -10/Mines | Build established: Scavenger-Mutant 842 | -10/Mines | Learned location of Zion (-7) 868 | -10/Mines | Found the Drone Emporium 871 | -10/Mines | Found Prototype Device 956 | -10/Mines | Discovered new exit (range 6) 960 | -10/Mines | Received a Mining Laser from a helpful Derelict 1081 | -10/Mines | Deemed a non-threat by the Exiles lab entrance 1082 | -10/Mines | Discovered new exit (range 5) 1169 | -10/Mines | Learned Materials terminal intel 1217 | -10/Mines | Core integrity fell below 20% 1232 | -10/Mines | Destroyed by G-34 Mercenary with Small Laser Last Messages --------------- 01153_ S-10 Pest suffers critical hit (Burn). 01153_ S-10 Pest destroyed. 01165_ Acquired 12 matter. 01169_ Acquired derelict log, extracted data. Data stored: Materials terminal intel. 01174_ Searching scrap... 01174_ Found Mining Claw. 01174_ Found Weapon Shielding. 01174_ Found Lgt. Ion Engine. 01174_ Found Aluminum Leg. 01174_ Found 49 Matter. 01175_ Acquired Mining Claw. 01188_ WT-S2R(g) destroyed. 01191_ G-47 Trooper knocked back. 01192_ Seismic Survey Station disabled. 01194_ G-47 Trooper knocked back. 01196_ Med. Laser destroyed. 01204_ Lgt. Cannon destroyed. 01212_ Wheel destroyed. 01224_ Critical hit (Burn: +37). Map ----- +----------------------------------------------------+ | | | | | | | | | | | | | | | | | | | | | | | | | | | | | ??????????????????????????????? | | ???#########?????????????###### | | ???# #????????????## | | ???# """ #????????????# | | ???# """ #????????????# | | ???# """ #????????????## ## | | ???# ################ ### | | ???# """ = %[ #?# #?# | | ???# """ !% [=% #?# #?# | | ???# " *########### ### #?# | | ???# = #?????????# ## #?# | | ???# @g%! #????????## # ### | | ???####g;###???????## | | ??????#%##?????????# ###### | | ??????# #??????????# #????? | | ??????#% ??????????## #????# | | ??????## ???????????### #????# | | ???????? ?????????????# #????# | | ???????? ?????????????# #????# | | ???????? ?????????????# #???## | | ???????? ?????????????# ??? | | ???????? ?????????????####???# | | ???????? ????????????????????# | | ?????????????????????????????# | | ??????????????????????????#### | | ?????????????????????????## | | ?????????????????????????# | | ?????????????????????????# | | ?????????????????????????# | | ?????????????????????????# | | ????????????????????????### | | ???????????????????????## | | ??????????????????????## | | ??????????????????????# # | | ??????????????????????# | | ??????????????????????# # | +----------------------------------------------------+ Best States ------------- Heat Dissipation 25 Energy Generation 10 Energy Capacity 250 Matter Stores 300 Matter Capacity 300 Sight Range 16 Terrain Scan Density 10 Evasion (%) 44 Offensive Hacking 10 Item Schematics ----------------- None Robot Schematics ------------------ None Fabricated ------------ Nothing Alien Tech Used ----------------- None Achievements -------------- None Challenges ------------ None Game ------ Seed WeldingSupercompositeReplica Manual? 0 Play Time 00:09:53 Cumulative 324.4 hours Start 2024.09.01 @ 03:50:05 End 2024.09.01 @ 03:59:31 Sessions 1 Manual Loads 0 Difficulty Rogue Special Mode None Game No. 372 Rogue 372 Adventurer 0 Explorer 0 Win Type - Total 6 Types 3/1/1/1/0/0/0/0/0 Lore% 39 Gallery% 71 Achievement% 67 Wizard Run 0 Options --------- Layout 1 ASCII 0 Keyboard 0 Movement Numpad Keybinds 0 Fullscreen 1 Font 32/SmallcapsGlow Map View 50x35 Zoom Use 0% Tactical HUD 1 Map Filters NONE Filters NONE Steam 1 RUN: af7f8363-e8fa-4653-b30d-36147b4b2de4